 Dungeon Crawl Stone Soup version 0.27-a0-890-ged2907cb04 (webtiles) character file.

Game seed: 2666533549430897112

848 dessertowl the Cleaver (level 7, -10/58 HPs)
             Began as a Minotaur Fighter on Apr 5, 2021.
             Mangled by an orc warrior
             ... wielding a +0 war axe
              (18 damage)
             ... on level 6 of the Dungeon.
             The game lasted 00:18:12 (5519 turns).

dessertowl the Cleaver (Minotaur Fighter)           Turns: 5519, Time: 00:18:13

Health: -10/58     AC:  7    Str: 22    XL:     7   Next: 69%
Magic:  6/6        EV:  8    Int:  5    God:
Gold:   198        SH: 11    Dex: 16    Spells: 6/6 levels left

rFire    . . .     SeeInvis .   a - +0 war axe
rCold    . . .     Faith    .   c - +0 kite shield
rNeg     . . .     Spirit   .   b - +0 scale mail
rPois    .         Reflect  .   (helmet restricted)
rElec    .         Harm     .   (no cloak)
rCorr    .         Rampage  .   (no gloves)
Will     .....                  (no boots)
Stlth    ..........             (no amulet)
HPRegen  0.19/turn              k - +6 ring of dexterity
MPRegen  0.10/turn              (no ring)

@: no status effects
A: horns 2, retaliatory headbutt
a: no special abilities


You were on level 6 of the Dungeon.
You visited 2 branches of the dungeon, and saw 7 of its levels.

You collected 198 gold pieces.

Inventory:

Hand Weapons
 a - a +0 war axe (weapon)
 n - a +0 falchion
 o - a +0 dagger
 s - a +2 dagger of speed
Armour
 b - a +0 scale mail (worn)
 c - a +0 kite shield (worn)
Jewellery
 k - a +6 ring of dexterity (left hand)
 t - an amulet of magic regeneration
 u - a +6 ring of strength
Wands
 v - a wand of polymorph (9)
Scrolls
 e - a scroll of torment {unknown}
 h - 5 scrolls of identify {unknown}
 i - a scroll of fear {unknown}
 j - a scroll of noise {unknown}
 p - a scroll of summoning {unknown}
 r - a scroll of enchant armour {unknown}
Potions
 d - a potion of might
 f - a potion of cancellation {unknown}
 g - a potion of lignification {unknown}
 l - a potion of ambrosia {unknown}
 m - 2 potions of curing {unknown}
 q - a potion of attraction {unknown}


   Skills:
 - Level 3.9 Fighting
 * Level 8.6 Axes
 - Level 3.9 Armour
 + Level 7.0 Shields


You had 6 spell levels left.
You didn't know any spells.
Your spell library contained the following spells:

 Spells                   Type           Power      Damage    Failure   Level
 Beastly Appendage        Tmut           0%         N/A       98%         1
 Wereblood                Tmut           0%         N/A       99%         2
 Spider Form              Tmut/Pois      0%         N/A       100%        3
 Ice Form                 Ice/Tmut       0%         N/A       100%        4
 Hydra Form               Tmut           0%         N/A       100%        5


Dungeon Overview and Level Annotations

Branches:
Dungeon (6/15)             Temple (1/1) D:4

Altars:
Ashenzari
Cheibriados
Dithmenos
Elyvilon
Fedhas
Gozag
Hepliaklqana
Kikubaaqudgha
Nemelex Xobeh
Okawaru
Ru
Sif Muna
Uskayaw
Vehumet
Wu Jian
Xom
The Shining One

Shops:
D:3 =   D:6 (?


Innate Abilities, Weirdness & Mutations

You have a pair of horns on your head.
You reflexively headbutt those who attack you in melee.


Message History

The orc warrior closely misses you.
You closely miss the orc warrior.
The iguana hisses angrily.
You headbutt the orc warrior, but do no damage.
You barely miss the adder. The adder bites you but does no damage.
The orc warrior hits you with a +0 war axe!
The adder bites you but does no damage. The orc warrior closely misses you.
You hit the orc warrior.
The orc warrior is lightly wounded.
You closely miss the adder. You block the adder's attack.
The orc warrior hits you with a +0 war axe!
You hit the orc warrior but do no damage.
You headbutt the orc warrior, but do no damage.
The orc warrior is lightly wounded.
You miss the adder. The adder barely misses you. You furiously retaliate!
You headbutt the adder!
You kill the adder!
The orc warrior hits you with a +0 war axe!
Your Shields skill increases to level 7!
You block the orc warrior's attack.
You hit the orc warrior but do no damage.
Your headbutt misses the orc warrior.
The orc warrior is lightly wounded.
The orc warrior hits you with a +0 war axe!
* * * LOW HITPOINT WARNING * * *
You hit the orc warrior but do no damage.
Your headbutt misses the orc warrior.
The orc warrior is lightly wounded.
The orc warrior barely misses you.
You closely miss the orc warrior. You headbutt the orc warrior.
The orc warrior is moderately wounded.
You block the orc warrior's attack. The iguana closely misses you.
You furiously retaliate!
You headbutt the iguana! The orc warrior barely misses you.
You hit the orc warrior but do no damage.
Your headbutt misses the orc warrior.
The orc warrior is moderately wounded.
You barely miss the iguana. You block the iguana's attack.
The orc warrior hits you with a +0 war axe!!
You die...

#.......#.....#....(.....
#.......#.....#..........
#.......#....##+######...
#......)#....##.....##...
#.....).'...........##...
#.......#................
#.......#................
##.....o####'######.####.
#.....l@......#.......#.
#.............#.⌠...⌠.#.
#.............#.......#.
#.............#.⌠...⌠.##
#.............#.......#.
..######......##.⌠...⌠.#.
.. #......##...<...#.
#################( #....


You could see an orc warrior and an iguana.

Vanquished Creatures
  A wraith (D:6)
  An orc warrior (D:6)
  2 scorpions
  A bullfrog zombie (D:5)
  A centaur skeleton (D:4)
  A hound (D:3)
  An orc priest (D:6)
  A bullfrog skeleton (D:4)
  3 iguanas
  3 orc wizards (D:6)
  Robin (D:4)
  7 adders
  3 worms
  2 dart slugs
  8 orcs
  5 bats (D:1)
  6 endoplasms
  3 giant cockroaches
  13 goblins
  10 hobgoblins
  8 jackals
  3 quokkas
  8 ball pythons
  3 frilled lizards
  10 kobolds
  2 rats (D:3)
107 creatures vanquished.

Notes
Turn   | Place    | Note
-------+----------+-------------------------------------------
     0 | D:1      | dessertowl the Minotaur Fighter began the quest for the
                  | Orb.
     0 | D:1      | Reached XP level 1. HP: 19/19 MP: 0/0
   295 | D:1      | Reached XP level 2. HP: 25/27 MP: 1/1
   622 | D:1      | Reached skill level 3 in Axes
  1216 | D:2      | Reached XP level 3. HP: 33/33 MP: 2/2
  1874 | D:3      | Found Siruroacs's Jewellery Boutique.
  1964 | D:3      | Reached skill level 4 in Axes
  2192 | D:3      | Reached XP level 4. HP: 40/40 MP: 3/3
  2205 | D:3      | Found a radiant altar of Vehumet.
  2262 | D:3      | Found a faded altar of an unknown god.
  2769 | D:4      | Found a staircase to the Ecumenical Temple.
  2804 | Temple   | Entered the Ecumenical Temple
  3151 | D:4      | Noticed Robin
  3168 | D:4      | Killed Robin
  3169 | D:4      | Reached XP level 5. HP: 39/46 MP: 4/4
  3174 | D:4      | Reached skill level 5 in Axes
  3174 | D:4      | Reached skill level 5 in Shields
  3562 | D:4      | Reached skill level 6 in Axes
  3562 | D:4      | Reached XP level 6. HP: 49/52 MP: 5/5
  4206 | D:5      | Entered Level 5 of the Dungeon
  4622 | D:6      | Noticed a wraith
  4638 | D:6      | Killed a wraith
  4639 | D:6      | Reached skill level 7 in Axes
  4639 | D:6      | Reached XP level 7. HP: 16/58 MP: 6/6
  5022 | D:6      | Reached skill level 8 in Axes
  5185 | D:6      | Found Niapaq's Magic Scroll Shop.
  5433 | D:6      | Found Vutur's Weapon Shop.
  5519 | D:6      | Mangled by an orc warrior

Illustrated notes

Levels and vault maps discovered:
D:1:      matt_arrival_diagonals, layout_loops_corners, serial_glass,
          glass_columns_c, glass_columns_a, glass_columns_b,
          due_unseen_surprise, feat_on_display
D:2:      layout_rooms
D:3:      layout_loops_ring, old_standard_altar, shapermc_ecumenical_altar_venn,
          serial_shops, nicolae_shop_crystal
D:4:      layout_basic, minmay_temple_entry_large_hall, serial_rivers,
          chequers_serial_rivers_marsh, chequers_serial_rivers_micro_e,
          chequers_serial_rivers_marsh, chequers_serial_rivers_room_a,
          uniq_robin
D:5:      layout_basic, grunt_temple_overflow_open,
          minmay_misc_feat_more_columns, kennysheep_small_circle
D:6:      layout_gridville, serial_shops, shop, nicolae_shop_waterfront,
          kennysheep_mini_moat, nicolae_shop_crystal, shop, grunt_ministairs_3,
          nicolae_sextant, wad_rectangle_vault, uniq_edmund
Temple:   regret_index_temple_sphere_string

Skill      XL: |  1  2  3  4  5  6  7 |
---------------+----------------------+-----
Axes           | 3 4 6 7 8 |  8.6
Shields        | 4 5 6 7 |  7.0
Fighting       | |  3.9
Armour         | |  3.9

Action                   |  1- 3 |  4- 6 |  7- 9 || total
-------------------------+-------+-------+-------++-------
Melee: War axe           |    94 |   113 |    43 ||   250
       Headbutt          |    13 |    20 |    15 ||    48
Armor: Scale mail        |    45 |    50 |     9 ||   104
Dodge: Dodged            |    24 |    22 |    10 ||    56
Block: Kite shield       |    51 |    54 |    20 ||   125

Table legend: (Time is in decaauts)
 A = Elapsed time spent in this place.
 B = Non-inter-level travel time spent in this place.
 C = Inter-level travel time spent in this place.
 D = Time resting spent in this place.
 E = Time spent auto-exploring this place.
 F = Levels seen in this place.
 G = Mean time per level.
                   A        B        C        D        E       F      G
               +--------+--------+--------+--------+--------+-----+--------+
         Total |   5660 |   5342 |    318 |    438 |   3565 |   7 |  808.6 |
       Dungeon |   5460 |   5142 |    318 |    438 |   3565 |   6 |  910.0 |
        Temple |    200 |    200 |      0 |      0 |      0 |   1 |  200.0 |
               +--------+--------+--------+--------+--------+-----+--------+

Top non-repeatable levels by time:
     D:4: 1340 daAuts
     D:1: 1208 daAuts
     D:6: 927 daAuts
     D:3: 898 daAuts
     D:2: 704 daAuts
     D:5: 380 daAuts
  Temple: 200 daAuts
